 Dungeon Crawl Stone Soup version 0.26-a0-667-g92642533e4 (webtiles) character file.

Game seed: 15545265023450580734

3866 jasper the Grappler (level 9, 0/74 HPs)
             Began as a Demonspawn Delver on Oct 18, 2020.
             Slain by a vampire (5 damage)
             ... on level 9 of the Dungeon.
             The game lasted 00:12:03 (6599 turns).

jasper the Grappler (Demonspawn Delver)             Turns: 6599, Time: 00:12:04

Health: 0/74       AC: 16    Str: 16    XL:     9   Next: 99%
Magic:  0/9        EV: 11    Int: 11    God:
Gold:   324        SH:  0    Dex: 15    Spells: 8/8 levels left

rFire    + . .     SeeInvis .     - Unarmed
rCold    . . .     Faith    .   (no shield)
rNeg     . . .     Spirit   +   G - +1 chain mail of the Wasteland {rElec rPois rF+}
rPois    +         Reflect  .   (helmet restricted)
rElec    +         Harm     .   (no cloak)
rCorr    .         Rampage  .   (gloves unavailable)
MR       .....                  y - +1 pair of boots
Stlth    ..........             B - amulet of regeneration
HPRegen  0.62/turn              E - +4 ring of protection
MPRegen  0.11/turn              x - +4 ring of evasion

@: studying Stealth
A: antennae 1, claws 3, talons 1, deterioration 1, sense surroundings 1, robust
1, magic shield
a: no special abilities


You were on level 9 of the Dungeon.
You visited 1 branch of the dungeon, and saw 9 of its levels.

You collected 324 gold pieces.

Inventory:

Hand Weapons
 a - a +1 hand axe
Missiles
 e - 181 stones
 h - 125 arrows
 p - 5 javelins
 t - 6 boomerangs (quivered)
 A - a throwing net
Armour
 b - a +0 leather armour
 i - a cursed +0 plate armour
 r - a +0 ring mail
 y - a +1 pair of boots (worn)
 G - the +1 chain mail of the Wasteland (worn) {rElec rPois rF+}
   (You found it on level 8 of the Dungeon)

   It protects you from fire.
   It insulates you from electricity.
   It protects you from poison.
Jewellery
 m - an uncursed ring of protection from magic
 x - a +4 ring of evasion (right claw)
 B - an amulet of regeneration (around neck)
 E - a +4 ring of protection (left claw)
Wands
 g - a wand of digging (3)
 n - a wand of acid (6)
 J - a wand of disintegration (15)
Scrolls
 c - 2 scrolls of fog
 d - 3 scrolls of magic mapping
 f - 2 scrolls of teleportation
 j - 3 scrolls of enchant weapon
 l - 3 scrolls of amnesia
 o - a scroll of noise
 u - 2 scrolls of immolation
 v - 3 scrolls of enchant armour
 C - a scroll of vulnerability {unknown}
 D - 2 scrolls of summoning {unknown}
 F - 2 scrolls of remove curse
 H - 2 scrolls of identify
Potions
 q - 2 potions of mutation
 s - a potion of degeneration
 I - a potion of cancellation
Books
 w - a manual of Stealth


   Skills:
 + Level 5.1 Fighting
 - Level 3.2 Axes
 + Level 3.6 Armour
 - Level 1.7 Dodging
 - Level 4.5 Stealth
 * Level 11.4 Unarmed Combat


You had 8 spell levels left.
You didn't know any spells.
Your spell library contained the following spells:

 Spells                   Type           Power        Failure   Level
 Foxfire                  Conj/Fire      #...         99%         1
 Conjure Flame            Conj/Fire      #.......     100%        3
 Inner Flame              Hex/Fire       #.......     100%        3
 Sticky Flame             Conj/Fire      #.......     100%        4
 Fireball                 Conj/Fire      #.........   100%        5


Dungeon Overview and Level Annotations

Branches:
Dungeon (9/15)
 Temple: D:4-7         Lair: D:8-11         Orc: D:9-12

Altars:
Elyvilon
Fedhas
Qazlal
Wu Jian
Xom

Shops:
D:6 (   D:7 (

Annotations:
D:7 exclusion: deep elf mage
D:8 Maggie
D:9 exclusion: door


Innate Abilities, Weirdness & Mutations

You have a pair of small antennae on your head.
You have claws for hands.
You have sharp toenails.
When hurt, damage is shared between your health and your magic reserves.
Your body sometimes deteriorates upon taking damage.
You passively map a small area around you.
You are robust. (+10% HP)


Message History

A scorpion comes into view.
You bump into the rock wall.
Unholy energy fills the air.
* * * LOW HITPOINT WARNING * * *
You take 10 damage, and have 1/74 hp.
You now have 1/9 mp.
You bump into the stone wall.
Something hits you but does no damage. Something bites you.
* * * LOW HITPOINT WARNING * * *
Something draws strength from your injuries!
You take 1 damage, and have 1/74 hp.
You feel less confused.
As you read the scroll of fear, it crumbles to dust.
You assume a fearsome visage.
The scorpion easily resists.
Something hits you.
* * * LOW HITPOINT WARNING * * *
Something bites you but does no damage.
You now have 1/9 mp.
Unknown command.
You see here a hand crossbow.
There is a stone staircase leading up, spattered with blood here.
Something hits you but does no damage. Something bites you.
You die...

#.# #....#...##.#... #.#
#.....##.##...#. #.#
#..#.#.#.(#.#.#. #.#
##..#..#.....#.#.
##.#####...#..##...#.#..
#.........#.#..#..#.#[.#
##.#####..#..###.#.#...#
*##########...#####.#.####
,........@..#.###.#.#.# *#
#########~.##.#..##.##, #
* #s.........#.# * *
##.#######.#.# ,* ** #.#,
#....# , { * #.# *
#.##.... { #.#, +.# ###.
#### ##.# * #.# #..###..#
#.. ,


You could see a scorpion.

Vanquished Creatures
  Erolcha (D:9)
  Pikel (D:8)
  3 trolls (D:9)
  An orc warrior (D:9)
  A sky beast (D:7)
  An ice beast (D:8)
  A phantom (D:8)
  2 centaurs (D:6)
  A big kobold (D:7)
  4 bullfrogs
  A scorpion (D:9)
  A killer bee (D:7)
  5 wights
  4 howler monkeys
  A quasit (D:9)
  2 bullfrog zombies
  2 bullfrog skeletons (D:8)
  A centaur zombie (D:7)
  3 hounds
  2 jellies
  A centaur skeleton (D:8)
  2 orc priests
  3 iguanas
  3 orc wizards
  3 worker ants
  A howler monkey zombie (D:5)
  2 gnolls (D:2)
  3 adders
  2 white imps (D:8)
  An ufetubus (D:9)
  An ooze (D:6)
  An adder skeleton (D:8)
  4 worms (D:2)
  3 leopard geckos
  16 orcs
  3 bats
  5 giant cockroaches
  5 goblins
  3 hobgoblins
  14 jackals
  4 quokkas
  A ball python (D:2)
  3 frilled lizards
  12 kobolds
  A leopard gecko zombie (D:6)
  A quokka zombie (D:7)
  4 rats
  A butterfly (D:7)
141 creatures vanquished.

Vanquished Creatures (collateral kills)
  A worker ant (D:9)
  A gnoll (D:2)
  An adder (D:9)
  A leopard gecko (D:9)
  A kobold (D:2)
5 creatures vanquished.

Vanquished Creatures (others)
  An adder (D:2)
  4 plants (D:9)
5 creatures vanquished.

Grand Total: 151 creatures vanquished

Notes
Turn   | Place    | Note
-------+----------+-------------------------------------------
     0 | D:5      | jasper the Demonspawn Delver began the quest for the Orb.
     0 | D:5      | Reached XP level 1. HP: 18/18 MP: 1/1
    29 | D:5      | Noticed a jelly
    47 | D:5      | Gained mutation: You have sharp toenails. [demonic
                  | ancestry]
    47 | D:5      | Reached XP level 2. HP: 8/24 MP: 2/2
    47 | D:5      | Reached XP level 3. HP: 10/29 MP: 3/3
   245 | D:5      | Reached skill level 1 in Unarmed Combat
   512 | D:5      | Noticed a phantom
   804 | D:5      | Reached skill level 2 in Unarmed Combat
   804 | D:5      | Reached XP level 4. HP: 21/35 MP: 4/4
  1330 | D:4      | Noticed an ogre
  1339 | D:4      | Noticed a phantom
  1464 | D:4      | Gained mutation: Your body sometimes deteriorates upon
                  | taking damage. [potion of mutation]
  1464 | D:4      | Gained mutation: You are robust. (+10% HP) [potion of
                  | mutation]
  1464 | D:4      | Gained mutation: You passively map a small area around you.
                  | [potion of mutation]
  1484 | D:3      | Found a shimmering altar of Xom.
  1484 | D:3      | Found a shimmering altar of Xom.
  1484 | D:3      | Found a shimmering altar of Xom.
  2251 | D:2      | Reached skill level 3 in Unarmed Combat
  2423 | D:2      | Gained mutation: You have sharp fingernails. [demonic
                  | ancestry]
  2423 | D:2      | Reached XP level 5. HP: 42/45 MP: 5/5
  3758 | D:2      | Reached skill level 4 in Unarmed Combat
  3762 | D:2      | Gained mutation: When hurt, damage is shared between your
                  | health and your magic reserves. [demonic ancestry]
  3762 | D:2      | Reached XP level 6. HP: 49/51 MP: 6/6
  3986 | D:3      | You fall into a shaft and drop 3 floors!
  3986 | D:6      | Found a stormy altar of Qazlal.
  4003 | D:6      | Reached skill level 5 in Unarmed Combat
  4019 | D:6      | Reached skill level 6 in Unarmed Combat
  4019 | D:6      | Gained mutation: You have a pair of small antennae on your
                  | head. [demonic ancestry]
  4019 | D:6      | Reached XP level 7. HP: 39/57 MP: 5/7
  4154 | D:6      | Found Souf's Antique Weapon Shop.
  4155 | D:6      | Found a blossoming altar of Fedhas.
  4734 | D:7      | Reached skill level 7 in Unarmed Combat
  4871 | D:7      | Gained mutation: You have very sharp fingernails. [demonic
                  | ancestry]
  4871 | D:7      | Reached XP level 8. HP: 57/63 MP: 8/8
  4905 | D:7      | Reached skill level 8 in Unarmed Combat
  4934 | D:7      | Found Herphuid's Antique Weapon Shop.
  4947 | D:7      | Noticed a deep elf mage
  5297 | D:8      | Reached skill level 9 in Unarmed Combat
  5301 | D:8      | Got an ancient chain mail
  5312 | D:8      | Identified the +1 chain mail of the Wasteland {rElec rPois
                  | rF+} (You found it on level 8 of the Dungeon)
  5403 | D:8      | Noticed Pikel
  5428 | D:8      | Killed Pikel
  5428 | D:8      | Reached skill level 10 in Unarmed Combat
  5495 | D:8      | Gained mutation: You have claws for hands. [demonic
                  | ancestry]
  5495 | D:8      | Reached XP level 9. HP: 63/69 MP: 7/9
  5526 | D:8      | Found a white marble altar of Elyvilon.
  5832 | D:8      | Reached skill level 1 in Armour
  5840 | D:8      | Noticed Maggie
  5863 | D:9      | Noticed a troll
  5870 | D:9      | Killed a troll
  5906 | D:9      | Noticed a troll
  5935 | D:9      | Killed a troll
  6065 | D:9      | Noticed a boulder beetle
  6125 | D:9      | Noticed a troll
  6146 | D:9      | Killed a troll
  6367 | D:9      | Reached skill level 11 in Unarmed Combat
  6407 | D:9      | Noticed Erolcha
  6417 | D:9      | Killed Erolcha
  6417 | D:9      | Reached skill level 5 in Fighting
  6469 | D:9      | Found an ornate altar of the Wu Jian Council.
  6587 | D:9      | HP: 1/74 [something/vampiric draining (11)]
  6592 | D:9      | HP: 1/74 [something (1)]
  6599 | D:9      | Slain by a vampire

Illustrated notes

Levels and vault maps discovered:
D:1:      dpeg_arrival_round_c, layout_loops_ring, chequers_serial_rivers_marsh
D:2:      wad_river_or_something, layout_basic, st_stairs_12
D:3:      layout_loops_corners, xom_redecorated, minmay_door_square
D:4:      layout_basic, nicolae_ossuary_entry_false_entrances
D:5:      wad_pebble_path, layout_loops_cross, nicolae_zen_rock_garden,
          hangedman_decor_peaks_small, uniq_eustachio
D:6:      layout_basic, grunt_temple_overflow_forces_of_nature, serial_shops,
          shop_statue, minmay_manual_mares
D:7:      layout_loops_ring, minmay_temple_entry_butterflies, serial_shops,
          shop, nicolae_underground_beach
D:8:      layout_basic, grunt_ministairs_4, minmay_misc_feat_secret_circle,
          elyvilon_altar_5, uniq_maggie, uniq_pikel
D:9:      layout_loops_ring, kennysheep_little_box, serial_aquarium,
          aquarium_bridge_square [aquarium_subvault_wall,
          aquarium_subvault_window, aquarium_subvault_wall,
          aquarium_subvault_bridge], aquarium_window_fake, aquarium_window_2,
          aquarium_view_2d, aquarium_view_2d, aquarium_balcony_3a,
          minmay_shattered_shrine, uniq_erolcha

Skill      XL: |  1  2  3  4  5  6  7  8  9 |
---------------+----------------------------+-----
Axes           | 3 |  3.2
Unarmed Combat | 2 3 4 6 7 10 11 | 11.4
Armour         | 3 |  3.6
Fighting       | 5 |  5.1
Dodging        | |  1.7
Stealth        | |  4.5

Action                   |  1- 3 |  4- 6 |  7- 9 || total
-------------------------+-------+-------+-------++-------
Melee: Hand axe          |    35 |    65 |       ||   100
       Kick              |     8 |    58 |     2 ||    68
       Punch             |       |     2 |    10 ||    12
       Unarmed           |       |   125 |   344 ||   469
Throw: Stone             |       |     9 |     4 ||    13
       Boomerang         |       |       |     5 ||     5
Evoke: Wand              |       |     2 |     3 ||     5
  Use: Potion            |     1 |     6 |     3 ||    10
       Scroll            |     1 |     3 |     9 ||    13
 Stab: Sleeping          |       |     1 |     3 ||     4
Armor: Leather armour    |     4 |    20 |       ||    24
       Ring mail         |       |    22 |    49 ||    71
       Chain mail        |       |       |   108 ||   108
Dodge: Dodged            |    19 |   140 |   151 ||   310

Table legend: (Time is in decaauts)
 A = Elapsed time spent in this place.
 B = Non-inter-level travel time spent in this place.
 C = Inter-level travel time spent in this place.
 D = Time resting spent in this place.
 E = Time spent auto-exploring this place.
 F = Levels seen in this place.
 G = Mean time per level.
                   A        B        C        D        E       F      G
               +--------+--------+--------+--------+--------+-----+--------+
         Total |   6532 |   6436 |     96 |   1793 |   2997 |   9 |  725.8 |
       Dungeon |   6532 |   6436 |     96 |   1793 |   2997 |   9 |  725.8 |
               +--------+--------+--------+--------+--------+-----+--------+

Top non-repeatable levels by time:
     D:5: 1298 daAuts
     D:2: 951 daAuts
     D:3: 836 daAuts
     D:6: 744 daAuts
     D:9: 731 daAuts
     D:1: 716 daAuts
     D:8: 554 daAuts
     D:7: 526 daAuts
     D:4: 173 daAuts
